 Dungeon Crawl Stone Soup version 0.28.0-53-g5a82cb258f (webtiles) character file.

Game seed: 14188840847007069028

1966 Zeld the Changer (level 9, 49/88 HPs)
             Began as a Yellow Draconian Transmuter on June 5, 2022.
             Was an Initiate of Gozag.
             Quit the game on level 6 of the Dungeon.
             The game lasted 00:06:28 (8110 turns).

Zeld the Changer (Yellow Draconian Transmuter)      Turns: 8110, Time: 00:06:29

Health: 49/88      AC:  6    Str: 16    XL:     9   Next: 0%
Magic:  24/28      EV: 10    Int: 15    God:    Gozag
Gold:   677        SH:  0    Dex: 11    Spells: 11/21 levels left

rFire   x . .      SeeInvis .     - Unarmed
rCold   + + +      Faith    .   (shield currently unavailable)
rNeg    + . .      Spirit   .   (armour unavailable)
rPois   +          Reflect  .   (helmet currently unavailable)
rElec   .          Harm     .   (cloak currently unavailable)
rCorr   .          Rampage  .   (gloves currently unavailable)
Will    .....                   (boots currently unavailable)
Stlth   +.........              (no amulet)
HPRegen 0.24/turn               b - ring of magical power
MPRegen 0.21/turn               n - ring of positive energy

@: ice-form, wereblooded (expiring), gold aura
A: freezing attack, amphibious, boosted hp, (spit acid), AC +7, large, unfitting
armour, (cold-blooded), (acid resistance)
a: End Transformation, Renounce Religion, Potion Petition, Call Merchant, Bribe
Branch


You were on level 6 of the Dungeon.
You worshipped Gozag.
Gozag was pleased with you.
You were a creature of crystalline ice.
You visited 1 branch of the dungeon, and saw 6 of its levels.
You also visited: Sewer.

You collected 737 gold pieces.
You paid 60 gold pieces to Gozag.

Inventory:

Armour
 t - a +0 pair of boots (melded)
Jewellery
 b - a ring of magical power (left front paw)
 n - a ring of positive energy (right front paw)
Wands
 e - a wand of flame (45)
 m - a wand of iceblast (5)
 u - a wand of paralysis (5)
Scrolls
 f - 5 scrolls of identify {unknown}
 g - a scroll of amnesia {unknown}
 o - a scroll of vulnerability {unknown}
 p - a scroll of blinking {unknown}
 q - 2 scrolls of teleportation {unknown}
 v - a scroll of fog {unknown}
Potions
 a - 3 potions of heal wounds {unknown}
 c - 2 potions of brilliance {unknown}
 d - a potion of magic {unknown}
 h - a potion of haste
 i - 2 potions of resistance {unknown}
 j - a potion of lignification {unknown}
 k - a potion of might
 l - 3 potions of mutation {unknown}
 r - a potion of curing
 s - a potion of degeneration {unknown}
 w - a potion of flight {unknown}


   Skills:
 + Level 5.3 Fighting
 - Level 1.7 Dodging
 - Level 3.0 Unarmed Combat
 * Level 6.7 Spellcasting
 * Level 7.0 Transmutations
 - Level 2.0 Ice Magic
 - Level 2.0 Poison Magic
 + Level 2.4 Evocations


You had 11 spell levels left.
You knew the following spells:

 Your Spells              Type           Power      Damage    Failure   Level
a - Beastly Appendage     Tmut           52%        N/A       1%          1
b - Wereblood             Tmut           26%        N/A       1%          2
c - Spider Form           Tmut/Pois      18%        N/A       6%          3
d - Ice Form              Ice/Tmut       18%        N/A       22%         4

Your spell library contained the following spells:

 Spells                   Type           Power      Damage    Failure   Level
 Passwall                 Tmut/Erth      12%        N/A       4%          2
 Ensorcelled Hibernation  Hex/Ice        16%        N/A       14%         2
 Swiftness                Air            5%         N/A       38%         3


Dungeon Overview and Level Annotations

Branches:
Dungeon (6/15)              Sewer (visited)
 Temple: D:4-7

Altars:
Gozag
Hepliaklqana
Okawaru
Qazlal
Trog


Innate Abilities, Weirdness & Mutations

You are a creature of crystalline ice.
You have a powerful freezing melee attack.
You are amphibious.
Your maximum health is increased.
Your armour is entirely melded.
You are incapable of wielding weapons or throwing items.
((You can spit globs of acid.))
((Your golden yellow scales are hard. (AC +7)))
You cannot fit into any form of body armour.
((You are cold-blooded and may be slowed by cold attacks.))
((You are resistant to acid. (rCorr)))


Message History

The centaur warrior zombie is moderately damaged.
The centaur warrior zombie is distracted by your dazzling golden aura.
A centaur warrior zombie is nearby!
You completely miss the centaur warrior zombie.
The centaur warrior zombie is no longer distracted by gold.
The centaur warrior zombie is moderately damaged.
The centaur warrior zombie closely misses you.
The centaur warrior zombie kicks you but does no damage.
The centaur warrior zombie is distracted by your dazzling golden aura.
A centaur warrior zombie is nearby!
You hit the centaur warrior zombie.
The centaur warrior zombie is no longer distracted by gold.
The centaur warrior zombie is heavily damaged.
The centaur warrior zombie barely misses you.
The centaur warrior zombie kicks you but does no damage.
You punch the centaur warrior zombie! You freeze the centaur warrior zombie.
The centaur warrior zombie is heavily damaged.
Your primal bloodlust is almost over.
The centaur warrior zombie hits you but does no damage.
The centaur warrior zombie kicks you but does no damage.
You punch the centaur warrior zombie!
The centaur warrior zombie is severely damaged.
The centaur warrior zombie barely misses you.
The centaur warrior zombie kicks you but does no damage.
You punch the centaur warrior zombie! You freeze the centaur warrior zombie.
The centaur warrior zombie is almost destroyed.
The centaur warrior zombie misses you.
The centaur warrior zombie kicks you but does no damage.
The centaur warrior zombie hits you but does no damage.
The centaur warrior zombie kicks you but does no damage.
A centaur warrior zombie is nearby!
You pummel the centaur warrior zombie!!
You feel a bit better.
You destroy the centaur warrior zombie!
Your Transmutations skill increases to level 7!
Your Evocations skill increases to level 2!
You have reached level 9!
Your experience leads to an increase in your attributes!
Increase (S)trength, (I)ntelligence, or (D)exterity?
You feel clever. x2; Your scales feel tougher.
Are you sure you want to abandon this character and quit the game? (Confirm with "yes".)

####.## #.....#
#####.....## # ##
###..........# ..
.# ..........##.##
...
.#####.......##..#
..#.
...........#####.#
..... ..........##
#$#......
...........#
#Y$......
..########)#
##.#...#. #.## #)#
...#.# #..#
###.### .......
##.## #.....#
#!..#..
#..####.#.#.# .>.#
. ##..........#
...# #..###.###.#
#### #..#.....#.#


There were no monsters in sight!

Vanquished Creatures
  Menkaure (D:5)
  A necrophage (D:5)
  3 phantoms (D:5)
  A kobold brigand (Sewer)
  4 scorpions
  2 bullfrogs
  A water moccasin skeleton (D:6)
  3 wights (D:6)
  A howler monkey (D:5)
  A bullfrog zombie (D:6)
  2 centaur zombies
  An orc priest (D:6)
  A jelly (D:6)
  2 centaur skeletons (D:5)
  Ijyb (D:3)
  3 iguanas
  3 orc wizards
  A gnoll (D:1)
  9 adders
  3 river rats
  2 shadow imps
  2 worms (Sewer)
  2 dart slugs
  5 orcs (D:6)
  11 ball pythons
  2 endoplasms
  2 giant cockroaches (D:5)
  11 goblins
  11 hobgoblins
  2 jackals (D:1)
  5 quokkas
  A bat (D:2)
  A frilled lizard (D:1)
  5 kobolds
  12 rats
118 creatures vanquished.

Notes
Turn   | Place    | Note
-------+----------+-------------------------------------------
     0 | D:1      | Zeld the Draconian Transmuter began the quest for the Orb.
     0 | D:1      | Reached XP level 1. HP: 16/16 MP: 3/3
   260 | D:2      | Reached XP level 2. HP: 22/23 MP: 3/5
   293 | D:2      | Learned a level 2 spell: Wereblood
   407 | D:2      | Reached skill level 1 in Ice Magic
   413 | D:2      | Reached skill level 1 in Poison Magic
   806 | D:1      | Reached XP level 3. HP: 23/28 MP: 4/6
   810 | D:1      | Learned a level 3 spell: Spider Form
  2039 | D:3      | Noticed a bullfrog
  2048 | D:3      | Killed a bullfrog
  2049 | D:3      | Reached XP level 4. HP: 21/36 MP: 2/8
  2309 | D:3      | Noticed Ijyb
  2354 | D:3      | Killed Ijyb
  2355 | D:3      | Reached XP level 5. HP: 16/41 MP: 6/9
  2370 | D:3      | Learned a level 4 spell: Ice Form
  2920 | D:3      | Found a faded altar of an unknown god.
  3123 | D:4      | Found an opulent altar of Gozag.
  3150 | D:4      | Became a worshipper of Gozag Ym Sagoz the Greedy
  3303 | D:4      | Reached skill level 3 in Transmutations
  3516 | D:4      | Found an iron altar of Okawaru.
  3547 | D:4      | Found a hazy altar of Hepliaklqana.
  3584 | D:4      | Found a stormy altar of Qazlal.
  4104 | D:5      | Entered Level 5 of the Dungeon
  4105 | D:5      | Noticed a phantom
  4120 | D:5      | Killed a phantom
  4121 | D:5      | Reached XP level 6. HP: 43/50 MP: 11/11
  4352 | D:5      | Found a glowing drain.
  4399 | Sewer    | Entered a sewer
  4855 | Sewer    | Reached skill level 4 in Transmutations
  5678 | D:5      | Your scales start taking on a golden yellow colour.
  5678 | D:5      | Reached XP level 7. HP: 47/57 MP: 13/13
  5678 | D:5      | Gained mutation: You are resistant to acid. (rCorr) [Yellow
                  | Draconian growth]
  5982 | D:5      | Noticed Menkaure
  5992 | D:5      | Killed Menkaure
  6315 | D:5      | Reached skill level 5 in Spellcasting
  6315 | D:5      | Reached skill level 5 in Transmutations
  6647 | D:5      | Reached XP level 8. HP: 48/66 MP: 16/16
  6928 | D:5      | Found a bloodstained altar of Trog.
  7347 | D:6      | Reached skill level 6 in Transmutations
  7624 | D:6      | Reached skill level 1 in Evocations
  8092 | D:6      | Reached skill level 5 in Fighting
  8110 | D:6      | Reached skill level 7 in Transmutations
  8110 | D:6      | Reached XP level 9. HP: 49/74 MP: 19/19
  8110 | D:6      | Quit the game

Illustrated notes

Levels and vault maps discovered:
D:1:      dpeg_arrival_short_road, layout_rooms, hangedman_abyss_or_decor_stabs,
          kennysheep_another_room, minmay_misc_feat_enclosed
D:2:      layout_basic, minmay_ruptured
D:3:      layout_rooms, ebering_ecumenical_altar_ruins, uniq_ijyb
D:4:      layout_basic, okawaru_gym_becter, mainiacjoe_overflow_tiny_flanked,
          grunt_gozag_breadcrumbs, nicolae_overflow_crystal_walls,
          minmay_goblin_outpost
D:5:      layout_loops_ring, lemuel_coloured_pillars_altar,
          portal_sewer_entry_a, serial_glass, glass_columns_c, glass_columns_a,
          minmay_circle_x, uniq_menkaure
D:6:      layout_basic, brannock_xom_greatest_gift, minmay_chambers_of_fives,
          uniq_duvessa, uniq_edmund

Skill      XL: |  1  2  3  4  5  6  7  8 |
---------------+-------------------------+-----
Ice Magic      | 1 2 |  2.0
Poison Magic   | 1 2 |  2.0
Fighting       | 2 3 4 5 |  5.3
Spellcasting   | 3 4 5 6 |  6.7
Transmutations | 3 4 5 7 |  7.0
Evocations     | 2 |  2.4
Dodging        | |  1.7
Unarmed Combat | |  3.0

Action                   |  1- 3 |  4- 6 |  7- 9 || total
-------------------------+-------+-------+-------++-------
Melee: Unarmed           |    95 |   197 |   172 ||   464
       Kick              |    18 |    16 |    11 ||    45
       Headbutt          |     7 |     9 |     7 ||    23
       Tailslap          |     3 |     3 |     3 ||     9
       Punch             |       |     3 |     2 ||     5
 Cast: Beastly Appendage |    27 |    18 |     7 ||    52
       Spider Form       |     2 |     8 |    10 ||    20
       Ice Form          |       |     3 |     5 ||     8
       Wereblood         |       |       |     1 ||     1
  Use: Potion            |     4 |       |       ||     4
Armor: Skin              |    22 |    58 |    33 ||   113
Dodge: Dodged            |    67 |   133 |   107 ||   307
